 Dungeon Crawl Stone Soup version 0.31-a0-150-g89dc3ad700 (webtiles) character file.

Game seed: 15404019837436844212

660 lunkers the Martial Artist (level 8, -2/59 HPs)
             Began as a Meteoran Transmuter on June 8, 2023.
             Slain by a gnoll
             ... wielding a +0 whip
              (3 damage)
             ... on level 6 of the Dungeon.
             The game lasted 00:08:20 (1586 turns).

lunkers the Martial Artist (Meteoran Transmuter)    Turns: 1586, Time: 00:08:21

Health: -2/59      AC:  6    Str: 11    XL:     8   Next: 11%
Magic:  9/13       EV: 20    Int: 18    God:
Gold:   182        SH:  0    Dex: 19    Spells: 8/12 levels left

rFire   + .          .
                       - Unarmed
rCold   . . .        (shield currently unavailable)
rNeg    . . .        a - melded +0 robe
rPois   x            (helmet currently unavailable)
rElec   .            (cloak currently unavailable)
rCorr   .            (gloves currently unavailable)
SInv    .            (boots currently unavailable)
Will    +....        (no amulet)
Stlth   +            g - +4 ring of protection
HPRegen 0.29/turn    n - ring of protection from fire
MPRegen 0.13/turn

%: no passive effects
@: spider-form (expiring), glowing
A: venomous fangs, tiny, sense surroundings 1, otherworldly, glowing, explore
regen
a: End Transformation


You were on level 6 of the Dungeon.
You were a venomous arachnid creature.
You visited 1 branch of the dungeon, and saw 6 of its levels.

You collected 182 gold pieces.

Inventory:

Armour
 a - a +0 robe (melded)
 k - a +1 kite shield of protection
Jewellery
 g - a +4 ring of protection (left front pincers)
 n - a ring of protection from fire (right front pincers)
Scrolls
 i - 2 scrolls of amnesia
 m - a scroll of enchant weapon {unknown}
Potions
 b - 2 potions of lignification
 c - 3 potions of brilliance
 d - 2 potions of attraction
 e - 4 potions of heal wounds
 f - a potion of might {unknown}
 h - 3 potions of curing {unknown}
 j - a potion of magic {unknown}
 l - 2 potions of mutation {unknown}


   Skills:
 - Level 1.1 Fighting
 - Level 2.4 Dodging
 * Level 8.6 Unarmed Combat
 - Level 2.6 Spellcasting
 + Level 6.0 Transmutations


You had 8 spell levels left.
You knew the following spells:

 Your Spells              Type           Power      Damage    Failure   Level
c - Spider Form           Tmut/Pois      13%        N/A       32%         3
p - Beastly Appendage     Tmut           48%        N/A       6%          1

Your spell library contained the following spells:

 Spells                   Type           Power      Damage    Failure   Level
 Wereblood                Tmut           24%        N/A       9%          2
 Ice Form                 Ice/Tmut       13%        N/A       65%         4
 Gell's Gravitas          Tloc           2%         N/A       67%         3
 Inner Flame              Hex/Fire       2%         N/A       67%         3
 Stone Arrow              Conj/Erth      4%         3d7       67%         3
 Teleport Other           Tloc           2%         N/A       67%         3
 Animate Armour           Summ/Erth      4%         N/A       95%         4
 Flame Wave               Conj/Fire      2%         2d4       95%         4
 Sticky Flame             Conj/Fire      2%         2d3       95%         4
 Dispersal                Tloc           1%         N/A       100%        6
 Lehudib's Crystal Spear  Conj/Erth      1%         10d2      100%        8


Dungeon Overview and Level Annotations

Branches:
Dungeon (6/15) Zot: 2041
 Temple: D:4-7

Altars:

Annotations:
D:3 1 runed translucent door, superbruh's ghost, amateur OpBr


Innate Abilities, Weirdness & Mutations

You are a venomous arachnid creature.
You have venomous fangs.
You are tiny and dextrous.
Your spellcasting is less reliable in this form.
Your armour is entirely melded.
You are incapable of wielding weapons or throwing items.
You passively map a small area around you.
You are easily found by Zot.
You glow in the dark.
You regain HP and MP as you explore.


Message History

* * * LOW HITPOINT WARNING * * *
The gnoll hits you with a +0 spear.
* * * LOW HITPOINT WARNING * * *
The orc barely misses you. Something barely misses you.
Your magical contamination has completely faded away.
You barely miss something. The orc misses you.
The gnoll hits you with a +0 whip.
* * * LOW HITPOINT WARNING * * *
The gnoll misses you. The orc misses you.
Unknown command.
You hit the orc priest but do no damage.
The orc priest is poisoned.
Unknown command.
Unknown command.
You barely miss the orc priest.
The orc priest is lightly wounded.
The orc hits you with a +0 club.
* * * LOW HITPOINT WARNING * * *
The gnoll barely misses you. x2; The orc misses you.
Something barely misses you. The orc priest closely misses you.
Unknown command.
You bite the orc priest!
You kill the orc priest!
The gnoll misses you. x2; Something hits you but does no damage.
The orc misses you.
Your Transmutations skill increases to level 6!
Unknown command.
Unknown command.
You hit something.
You hear some strange, mumbled words.
A magic dart appears from out of thin air!
The magic dart hits you!
* * * LOW HITPOINT WARNING * * *
The gnoll hits you with a +0 whip.
* * * LOW HITPOINT WARNING * * *
The gnoll misses you. The orc hits you but does no damage.
The orc closely misses you. The orc attacks as you move away!
The orc barely misses you. The gnoll attacks as you move away!
The gnoll hits you with a +0 whip.
You die...

...##.###.....# , *
...!.#..#..<...##.
..........)))......
* ,
................#..
* , ,
..........##....# ,
, * ,
..........#....... ,
,.....o.........>...
,,
......og)..........
......gs{..........
, ..................
, .#..............#
, #..............# ,
#..........#.....
.....###...#.... *
....##⌠##... ...
...##...##...*..


You could see 2 gnolls and 2 orcs.

Vanquished Creatures
  A black bear (D:4)
  A phantom (D:5)
  A gnoll sergeant (D:5)
  A jelly (D:4)
  3 hounds
  An orc priest (D:6)
  3 iguanas (D:4)
  An orc wizard (D:4)
  7 gnolls
  2 adders
  2 ufetubi
  A worm (D:4)
  3 dart slugs
  6 orcs
  7 ball pythons
  9 bats
  6 endoplasms
  3 giant cockroaches (D:1)
  6 goblins
  4 hobgoblins
  4 jackals (D:4)
  6 kobolds
  2 quokkas
  3 frilled lizards
  7 rats
90 creatures vanquished.

Notes
Turn   | Place    | Note
-------+----------+-------------------------------------------
     0 | D:1      | lunkers the Meteoran Transmuter began the quest for the
                  | Orb.
     0 | D:1      | Reached XP level 1. HP: 16/16 MP: 5/5
    96 | D:1      | Reached skill level 4 in Unarmed Combat
    96 | D:1      | Reached XP level 2. HP: 15/23 MP: 6/6
   187 | D:1      | Reached XP level 3. HP: 26/28 MP: 6/8
   340 | D:1      | Learned a level 3 spell: Spider Form
   646 | D:3      | Found a runed translucent door.
   646 | D:3      | Noticed superbruh's ghost (amateur OpBr)
   683 | D:3      | Reached XP level 4. HP: 15/35 MP: 7/9
   775 | D:3      | Reached skill level 5 in Unarmed Combat
  1042 | D:4      | Reached XP level 5. HP: 36/40 MP: 7/10
  1130 | D:4      | Reached skill level 6 in Unarmed Combat
  1130 | D:4      | Reached XP level 6. HP: 33/47 MP: 8/11
  1228 | D:4      | Noticed a black bear
  1261 | D:4      | Killed a black bear
  1262 | D:4      | Reached skill level 7 in Unarmed Combat
  1262 | D:4      | Reached skill level 5 in Transmutations
  1262 | D:4      | Reached XP level 7. HP: 19/52 MP: 12/12
  1333 | D:5      | Entered Level 5 of the Dungeon
  1482 | D:5      | Reached skill level 8 in Unarmed Combat
  1515 | D:5      | Reached XP level 8. HP: 52/59 MP: 10/13
  1585 | D:6      | HP: 1/59 [gnoll/+0 whip (4)]
  1586 | D:6      | Slain by a gnoll

Illustrated notes

Levels and vault maps discovered:
D:1:      grunt_arrival_crossed_arrows, layout_rooms
D:2:      layout_rooms, hellmonk_ecumenical_altar_crossroads, serial_forest,
          infiniplex_forest_end_2, infiniplex_forest_end_3,
          infiniplex_forest_lined_room_3, infiniplex_forest_lined_1,
          nrook_mini_backslash, nrook_campfire, minmay_door_square
D:3:      layout_basic, gammafunk_ghost_grave, minmay_cut_off
D:4:      layout_cave_pools
D:5:      layout_cave_pools
D:6:      layout_cave_pools, minmay_temple_entry_glassed_door,
          hellmonk_ghost_happy_afterlife, minmay_misc_feat_ornament,
          kennysheep_generic_room_12, uniq_duvessa

Skill      XL: |  1  2  3  4  5  6  7  8 |
---------------+-------------------------+-----
Unarmed Combat | 4 5 6 7 8 |  8.6
Transmutations | 3 4 5 6 |  6.0
Fighting       | |  1.1
Dodging        | |  2.4
Spellcasting   | |  2.6

Action                     |  1- 3 |  4- 6 |  7- 9 || total
---------------------------+-------+-------+-------++-------
  Melee: Unarmed           |    88 |   102 |    72 ||   262
         Kick              |    10 |       |       ||    10
         Headbutt          |     4 |       |       ||     4
         Punch             |       |     1 |     1 ||     2
   Cast: Beastly Appendage |    10 |       |       ||    10
         Spider Form       |     2 |     7 |     9 ||    18
    Use: Scroll            |     2 |     5 |     2 ||     9
 Armour: Robe              |    29 |    16 |     5 ||    50
         Skin              |       |    18 |    21 ||    39
  Dodge: Dodged            |    74 |   101 |    99 ||   274

Table legend: (Time is in decaauts)
 A = Elapsed time spent in this place.
 B = Non-inter-level travel time spent in this place.
 C = Inter-level travel time spent in this place.
 D = Time resting spent in this place.
 E = Time spent auto-exploring this place.
 F = Levels seen in this place.
 G = Mean time per level.
                   A        B        C        D        E       F      G
               +--------+--------+--------+--------+--------+-----+--------+
         Total |   1558 |   1531 |     27 |      0 |    461 |   6 |  259.7 |
       Dungeon |   1558 |   1531 |     27 |      0 |    461 |   6 |  259.7 |
               +--------+--------+--------+--------+--------+-----+--------+

Top non-repeatable levels by time:
     D:3: 393 daAuts
     D:4: 366 daAuts
     D:2: 320 daAuts
     D:1: 302 daAuts
     D:5: 150 daAuts
     D:6: 25 daAuts
